 Dungeon Crawl Stone Soup version 0.23-a0-61-g4bf3f6c (webtiles) character file.

58 Amnesiac the Magician (level 3, -1/26 HPs)
             Began as a Mummy Conjurer on Aug 9, 2018.
             Slain by an orc
             ... wielding a +0 club
              (6 damage)
             ... on level 3 of the Dungeon.
             The game lasted 00:02:58 (683 turns).

Amnesiac the Magician (Mummy Conjurer)               Turns: 683, Time: 00:02:58

Health: -1/26      AC:  2    Str: 11    XL:     3   Next: 76%
Magic:  1/7        EV: 13    Int: 15    God:
Gold:   75         SH:  0    Dex: 12    Spells: 5/8 levels left

rFire    x . .     SeeInvis .   b - +0 hunting sling
rCold    + . .     Gourm    .   (no shield)
rNeg     + + +     Faith    .   a - +0 robe
rPois    ∞         Spirit   .   (no helmet)
rElec    .         Reflect  .   (no cloak)
rCorr    .         Harm     .   (no gloves)
MR       .....                  (no boots)
Stlth    ++........             (no amulet)
HPRegen  0.08/turn              (no ring)
MPRegen  0.10/turn              (no ring)

@: no status effects
A: no food or potions, fire vulnerability, cold resistance 1, negative energy
resistance 3, torment resistance, unbreathing
a: no special abilities


You were on level 3 of the Dungeon.
You were not hungry.

You visited 1 branch of the dungeon, and saw 4 of its levels.

You collected 75 gold pieces.

Inventory:

Hand Weapons
 b - a +0 hunting sling (weapon)
Armour
 a - a +0 robe (worn)
Scrolls
 c - 2 scrolls of teleportation {!r, unknown}
 d - a scroll of identify {!r, unknown}


   Skills:
 + Level 1.4 Fighting
 * Level 2.6 Dodging
 - Level 1.5 Stealth
 + Level 3.4 Spellcasting
 - Level 3.2 Conjurations


You had 5 spell levels left.
You knew the following spells:

 Your Spells              Type           Power        Failure   Level  Hunger
a - Magic Dart            Conj           ##..         4%          1    N/A
d - Searing Ray           Conj           ##....       8%          2    N/A

Your spell library contained the following spells:

 Spells                   Type           Power        Failure   Level  Hunger
 Iskenderun's Mystic Bla  Conj           ##......     45%         4    N/A
 Fulminant Prism          Conj/Hex       #.........   67%         4    N/A
 Dazzling Spray           Conj/Hex       #.....       28%         3    N/A
 Force Lance              Conj/Tloc      #.......     67%         4    N/A

Dungeon Overview and Level Annotations

Branches:
Dungeon (4/15)
 Temple: D:4-7

Altars:


Innate Abilities, Weirdness & Mutations

You do not eat or drink.
Your flesh is vulnerable to fire.
You are immune to poison.
Your flesh is cold resistant. (rC+)
You are immune to negative energy. (rN+++)
You are immune to unholy pain and torment.
You can survive without breathing.


Message History

You kill the worm!
Casting: Magic Dart (safe; 4% risk of failure)
Confirm with . or Enter, or press ? or * to list all spells.
You can't see any susceptible monsters within range! (Use Z to cast anyway.)
You start resting.
An orc comes into view.
You see here a howler monkey corpse.
You see here a club.
You start resting.
The orc is too close now for your liking.
You start resting.
The orc is too close now for your liking.
The orc throws an exploding tomahawk.
The exploding tomahawk misses you.
The exploding tomahawk explodes!
The explosion of tomahawk fragments engulfs you!
The orc throws an exploding tomahawk.
The exploding tomahawk closely misses you.
The exploding tomahawk explodes!
You hear a shout!
The orc throws an exploding tomahawk.
The exploding tomahawk misses you.
The exploding tomahawk explodes!
You hear a shout!
The orc throws an exploding tomahawk.
The exploding tomahawk hits you.
The exploding tomahawk explodes!
The explosion of tomahawk fragments engulfs you!
* * * LOW HITPOINT WARNING * * *
Casting: Magic Dart (safe; 4% risk of failure)
Confirm with . or Enter, or press ? or * to list all spells.
Aiming: Magic Dart (safe; 4% risk of failure)
Press: ? - help, Shift-Dir - straight line, f - orc
Aim: an orc, wearing a scale mail The magic dart hits the orc.
Unknown command.
Casting: Magic Dart (safe; 4% risk of failure)
Confirm with . or Enter, or press ? or * to list all spells.
Aiming: Magic Dart (safe; 4% risk of failure)
Press: ? - help, Shift-Dir - straight line, f/p - orc
Aim: an orc, wearing a scale mail The magic dart hits the orc.
Unknown command.
Casting: Magic Dart (safe; 4% risk of failure)
Confirm with . or Enter, or press ? or * to list all spells.
Aiming: Searing Ray (safe; 8% risk of failure)
Press: ? - help, Shift-Dir - straight line, f/p - orc
Aim: an orc, wearing a scale mail The searing ray hits the orc.
The orc is lightly wounded. (Press . to maintain the ray.)
The searing ray hits the orc.
The orc is lightly wounded.
The orc hits you.
* * * LOW HITPOINT WARNING * * *
Without enough magic to sustain it, your searing ray dissipates.
The orc barely misses you. The orc hits you.
* * * LOW HITPOINT WARNING * * *
An orc comes into view. It is wielding a club.
The orc hits you.
* * * LOW HITPOINT WARNING * * *
An orc wizard comes into view.
It is wielding a dagger. 2 orcs come into view.
The orc shouts! x2
The orc hits you with a club.
You die...

#.######.....%......†
#.####....[..........
#..#.........#.......
#######...#..####.#####...
#........##.## #.# ####
#........##.# ##.########
#!..<....##.# #..........
#.......o##.# #..........
#.......o@..# #..........
#........#..# #..........
#........#†.# #.......?..
#........#..#####..##...#
#######o##o..#....##....#
#.###..†.# #..##.# #.#
#o#..####..##.## #.#
#.#............. #.#
#.#..#....$.....


You could see an orc wizard and 4 orcs.

Vanquished Creatures
  A howler monkey (D:3)
  An adder (D:3)
  A worm (D:3)
  A giant cockroach (D:3)
  A goblin (D:3)
  A hobgoblin (D:3)
  A kobold (D:2)
  A quokka (D:3)
  A bat (D:3)
  A frilled lizard (D:3)
  3 rats
13 creatures vanquished.

Notes
Turn   | Place    | Note
-------+----------+-------------------------------------------
     0 | D:1      | Amnesiac the Mummy Conjurer began the quest for the Orb.
     0 | D:1      | Reached XP level 1. HP: 13/13 MP: 4/4
   268 | D:4      | Noticed an iguana
   276 | D:3      | Reached XP level 2. HP: 20/20 MP: 0/6
   280 | D:3      | Learned a level 2 spell: Searing Ray
   431 | D:4      | Noticed a howler monkey
   463 | D:3      | Killed a howler monkey
   463 | D:3      | Reached skill level 1 in Fighting
   463 | D:3      | Reached XP level 3. HP: 13/26 MP: 0/7
   683 | D:3      | Slain by an orc

Vault maps used:
D:1:      tarquinn_simple_flora_water_b, chequers_big_river
D:2:      chequers_ecumenical_altar_twisty
D:3:      hangedman_ru_absence, first_ration, serial_bayou_crossing
D:4:      lemuel_crystal_altar, nicolae_overflow_crystal_walls,
          minmay_temple_entry_glass, minmay_misc_feat_more_columns,
          serial_park_tiny_2, uniq_menkaure

Skill      XL: |  1  2 |
---------------+-------+-----
Dodging        | 2 |  2.6
Spellcasting   | 3 |  3.4
Fighting       | 1 |  1.4
Stealth        | |  1.5
Conjurations   | |  3.2

Action                   || total
-------------------------++-------
 Cast: Magic Dart        ||    28
       Searing Ray       ||     3
Armor: Robe              ||     1
Dodge: Dodged            ||     7

Table legend:
 A = Non-vault XP
 B = Vault XP
 C = Vault XP percentage of total XP
 D = Non-vault monster count
 E = Vault monster count
 F = Vault count percentage of total count
 G = Total turns spent on level
                 A         B        C        D         E       F
            +---------+---------+-------+---------+---------+-------
      Total |      84 |       0 |   0.0 |      13 |       0 |   0.0
            +---------+---------+-------+---------+---------+-------
        D:2 |       4 |       0 |   0.0 |       3 |       0 |   0.0
        D:3 |      80 |       0 |   0.0 |      10 |       0 |   0.0
            +---------+---------+-------+---------+---------+-------
